 Dungeon Crawl Stone Soup version 0.18.1-8-gdd0e5ea (webtiles) character file.

6717 Shtopit the Blocker (level 10, -1/77 HPs)
             Began as a Demonspawn Fighter on May 22, 2016.
             Was an Elder of Okawaru.
             Slain by a spatial maelstrom (4 damage)
             ... on level 1 of the Abyss.
             The game lasted 00:39:40 (12711 turns).

Shtopit the Blocker (Demonspawn Fighter)           Turns: 12711, Time: 00:39:40

Health: -1/77      AC: 16    Str: 19      XL:     10   Next: 74%
Magic:  16/16      EV: 10    Int: 10 (11) God:    Okawaru [****..]
Gold:   534        SH: 11    Dex: 12      Spells: 0 memorised, 9 levels left

rFire  . . .     SeeInvis +     G - +0 falchion (elec)
rCold  . . .     Gourm    .     R - +0 plate armour
rNeg   + . .     Faith    .     c - +0 shield
rPois  +         Spirit   .     (helmet unavailable)
rElec  .         Dismiss  .     m - +1 cloak
rCorr  .         Reflect  .     (no gloves)
SustAt +         Harm     .     C - +0 pair of boots
MR     .....     Clarity  +     (no amulet)
Stlth  ..........               E - ring of sustain attributes
                                n - ring of positive energy

@: very slightly contaminated, repel missiles, not resistant to hostile
enchantments, extremely unstealthy
A: antennae 3, hooves 2, repulsion field 3, clarity, poison resistance, powered
by pain 1, evolution 1, no device heal 1, subdued magic 1
a: Heroism, Renounce Religion


You were on level 1 of the Abyss.
You worshipped Okawaru.
Okawaru was greatly pleased with you.
You were near starving.

You visited 1 branch of the dungeon, and saw 9 of its levels.
You visited the Abyss 1 time.

You collected 534 gold pieces.

Inventory:

Hand Weapons
 a - a +0 long sword
 B - a +0 long sword
 G - a +0 falchion of electrocution (weapon)
 Q - a +0 scimitar
Missiles
 H - 46 bolts
Armour
 c - a +0 shield (worn)
 m - a +1 cloak (worn)
 C - a +0 pair of boots (worn)
 R - a +0 plate armour (worn)
Jewellery
 e - a +4 ring of dexterity {unknown}
 n - a ring of positive energy (left hand)
 o - an uncursed amulet of dismissal {unknown}
 r - an uncursed ring of see invisible {unknown}
 E - a ring of sustain attributes (right hand)
 N - an uncursed ring of see invisible {unknown}
 O - an uncursed ring of flight {unknown}
Wands
 b - a wand of random effects (14/48)
 L - a wand of confusion (43/48)
 M - a wand of digging (13/24)
Scrolls
 j - a scroll of enchant armour
 l - 3 scrolls of random uselessness
 q - 3 scrolls of remove curse
 w - 2 scrolls of fog
 y - 2 scrolls of amnesia {unknown}
 I - 3 scrolls of recharging {unknown}
 K - 3 scrolls of magic mapping {unknown}
Potions
 d - 4 potions of might
 g - 3 potions of lignification
 h - 5 potions of heal wounds
 i - 2 potions of flight
 s - 3 potions of degeneration
 u - 4 potions of magic
 v - 7 potions of curing
 z - 2 potions of agility
 A - a potion of brilliance
 F - 3 potions of berserk rage {unknown}
Books
 D - a book of Unlife

   Spells                             Type                      Level
   a - Recall                         Summoning/Translocation      3
   b - Animate Dead                   Necromancy                   4
   c - Control Undead                 Necromancy                   4
   d - Cigotuvi's Embrace             Necromancy                   5
   e - Death Channel                  Necromancy                   6
   f - Simulacrum                     Ice/Necromancy               6
Comestibles
 f - 9 bread rations
 p - 9 meat rations
 J - 7 royal jellies


   Skills:
 + Level 6.7 Fighting
 + Level 6.5 Long Blades
 + Level 7.2 Armour
 + Level 4.5 Dodging
 + Level 8.2 Shields
 - Level 8.0 Invocations


You had 9 spell levels left.
You didn't know any spells.

Dungeon Overview and Level Annotations

Branches:
Dungeon (9/15)             Temple (0/1) D:6
   Lair: D:8-11         Orc: D:9-12

Altars:
Cheibriados
Kikubaaqudgha
Nemelex Xobeh
Okawaru
Pakellas
Ru
Sif Muna
Vehumet
Xom
Zin

Shops:
D:7 *   D:8 :


Innate Abilities, Weirdness & Mutations

You have a pair of large antennae on your head (SInv).
You are surrounded by a strong repulsion field (EV +4, rMsl).
You sometimes gain a little power by taking damage.
You have hoof-like feet.
You possess an exceptional clarity of mind.
Your system is resistant to poisons.
You evolve.
Potions and wands are less effective at restoring your health.
Your spells are a little easier to cast, but a little less powerful.


Message History

You block the spatial maelstrom's attack.
A spatial vortex and a spatial maelstrom come into view.
A spatial vortex comes into view. 2 spatial vortices come into view.
A spatial vortex comes into view.
A spatial vortex comes into view.
You block the spatial maelstrom's attack.
The spatial maelstrom barely misses you.
You block the spatial maelstrom's attack.
The spatial maelstrom misses you.
The spatial maelstrom closely misses you.
The spatial maelstrom hits you.
* * * LOW HITPOINT WARNING * * *
Space warps horribly around you!
* * * LOW HITPOINT WARNING * * *
A spatial vortex comes into view.
You slash the spatial vortex!
The spatial vortex is lightly damaged.
The spatial maelstrom hits you.
You die...

.# #. .. ## {
.#. #. ..# .
... .#.{.# ...
###.# .#...#
....##..v##
#....
#...#@#...v...
#v3vv.....v
#..v####..#
###v.#{#..##
#..v.#....
#.....#...
#####...#
#....# ....##


You could see 2 spatial maelstroms, 5 spatial vortices and a neqoxec.

Vanquished Creatures
  The ghost of MARSONE the Blocker, a novice GrFi of Trog (D:8)
  A gargoyle (D:7)
  A troll (D:9)
  A queen bee (D:8)
  A two-headed ogre (D:9)
  A wyvern (D:9)
  A hippogriff (D:7)
  A hungry ghost (D:7)
  A water moccasin (D:6)
  2 ice beasts
  3 orc warriors (D:7)
  2 sky beasts (D:8)
  3 phantoms
  2 black bears (D:7)
  A necrophage (D:7)
  2 ogres
  6 centaurs
  A crocodile (D:7)
  Blork the orc (D:5)
  A wyvern zombie (D:7)
  2 giant frogs (D:7)
  A scorpion (D:4)
  A water moccasin skeleton (D:5)
  A small abomination (Abyss:1)
  20 killer bees
  7 howler monkeys
  A wight (D:7)
  A giant frog zombie (D:9)
  3 crimson imps (D:7)
  3 jellies
  4 hounds
  6 orc priests
  A gnoll shaman (D:3)
  7 orc wizards
  A giant frog skeleton (D:7)
  An iguana (D:8)
  5 worker ants
  Natasha (twice) (D:2)
  3 hound zombies
  2 hound skeletons
  5 gnolls (D:4)
  9 adders
  4 shadow imps
  2 oozes (D:3)
  3 adder skeletons
  2 worms
  A dart slug (D:3)
  7 giant geckos
  47 orcs
  5 ball pythons
  5 giant cockroaches
  7 goblins
  4 hobgoblins
  7 jackals
  2 quokkas
  A ball python skeleton (D:4)
  6 bats
  A giant cockroach zombie (D:3)
  A giant gecko skeleton (D:3)
  A giant gecko zombie (D:8)
  2 giant newts (D:1)
  5 kobolds
  A quokka zombie (D:5)
  14 rats
247 creatures vanquished.

Vanquished Creatures (others)
  A sky beast (D:6)
  5 killer bees (D:8)
  An orc priest (D:8)
  An orc wizard (D:8)
  An orc (D:8)
9 creatures vanquished.

Grand Total: 256 creatures vanquished

Notes
Turn   | Place    | Note
--------------------------------------------------------------
     0 | D:1      | Shtopit the Demonspawn Fighter began the quest for the Orb.
     0 | D:1      | Reached XP level 1. HP: 18/18 MP: 1/1
   360 | D:1      | Gained mutation: You are surrounded by a mild repulsion field (EV +2). [demonic ancestry]
   360 | D:1      | Reached XP level 2. HP: 17/24 MP: 2/2
   895 | D:2      | Noticed Natasha
   898 | D:2      | Noticed a crimson imp
   911 | D:2      | Killed Natasha
   911 | D:2      | Reached skill level 1 in Dodging
   911 | D:2      | Gained mutation: You have a pair of small antennae on your head. [demonic ancestry]
   911 | D:2      | Reached XP level 3. HP: 13/29 MP: 3/3
  1652 | D:2      | Reached XP level 4. HP: 27/36 MP: 4/4
  1925 | D:2      | Noticed Natasha
  1942 | D:2      | Killed Natasha
  2387 | D:3      | Gained mutation: You have a pair of antennae on your head. [demonic ancestry]
  2387 | D:3      | Reached XP level 5. HP: 38/42 MP: 5/5
  2555 | D:3      | Found a glowing silver altar of Zin.
  2810 | D:3      | Found an iron altar of Okawaru.
  2951 | D:3      | Became a worshipper of Warmaster Okawaru
  3283 | D:4      | Gained mutation: You are surrounded by a moderate repulsion field (EV +3). [demonic ancestry]
  3283 | D:4      | Reached XP level 6. HP: 48/48 MP: 6/6
  3530 | D:4      | Reached skill level 1 in Invocations
  4102 | D:4      | Found a deep blue altar of Sif Muna.
  4185 | D:4      | Reached * piety under Okawaru
  4375 | D:4      | Found a sparkling altar of Nemelex Xobeh.
  4376 | D:4      | Found a snail-covered altar of Cheibriados.
  4435 | D:4      | Gained mutation: You sometimes gain a little power by taking damage. [demonic ancestry]
  4435 | D:4      | Reached XP level 7. HP: 38/54 MP: 8/8
  4676 | D:5      | Entered Level 5 of the Dungeon
  4716 | D:5      | Found an oddly glowing altar of Pakellas.
  5194 | D:5      | Noticed Blork the orc
  5208 | D:5      | Killed Blork the orc
  5856 | D:5      | Gained mutation: Your system is resistant to poisons. [potion of mutation]
  5856 | D:5      | Gained mutation: Your muscles are strong. (Str +2) [potion of mutation]
  5856 | D:5      | Gained mutation: You are surrounded by a strong repulsion field (EV +4, rMsl). [potion of mutation]
  5991 | D:6      | Found an ancient bone altar of Kikubaaqudgha.
  6076 | D:6      | Reached skill level 5 in Armour
  6076 | D:6      | Reached XP level 8. HP: 39/61 MP: 7/10
  6341 | D:6      | Found a staircase to the Ecumenical Temple.
  6439 | D:6      | Gained mutation: You evolve. [potion of beneficial mutation]
  6739 | D:7      | Found Fycazoty's General Store.
  6864 | D:7      | Found a sacrificial altar of Ru.
  6951 | D:7      | Reached skill level 5 in Fighting
  7109 | D:7      | Reached ** piety under Okawaru
  7120 | D:7      | Reached skill level 5 in Invocations
  7181 | D:7      | Gained mutation: You possess an exceptional clarity of mind. [evolution]
  7499 | D:7      | Reached skill level 5 in Shields
  7551 | D:7      | Gained mutation: You have a pair of large antennae on your head (SInv). [demonic ancestry]
  7551 | D:7      | Reached XP level 9. HP: 68/68 MP: 13/13
  7846 | D:7      | Reached skill level 5 in Long Blades
  8454 | D:7      | Reached *** piety under Okawaru
  9088 | D:8      | Noticed MARSONE's ghost (novice GrFi)
  9110 | D:8      | Noticed a gargoyle
  9315 | D:7      | Killed a gargoyle
  9642 | D:8      | Killed MARSONE's ghost
  9642 | D:8      | Reached XP level 10. HP: 62/76 MP: 15/15
  9704 | D:8      | Reached **** piety under Okawaru
  9764 | D:8      | Gained mutation: Potions and wands are less effective at restoring your health. [evolution]
 11378 | D:9      | Found a radiant altar of Vehumet.
 11614 | D:9      | Lost mutation: Your muscles are strong. (Str +2) [evolution]
 11835 | D:8      | Gained mutation: You have large cloven feet. [potion of mutation]
 11835 | D:8      | Gained mutation: You have hoof-like feet. [potion of mutation]
 11910 | D:8      | Found a shimmering altar of Xom.
 12039 | D:8      | Found Puhigun's Book Shop.
 12581 | D:8      | Cast into level 1 of the Abyss (orc warrior)
 12690 | Abyss:1  | Noticed a spatial maelstrom
 12695 | Abyss:1  | Noticed a bone dragon
 12703 | Abyss:1  | Gained mutation: Your spells are a little easier to cast, but a little less powerful. [a neqoxec]
 12707 | Abyss:1  | Noticed a spatial maelstrom
 12710 | Abyss:1  | HP: 2/77 [spatial maelstrom (18)]
 12711 | Abyss:1  | Slain by a spatial maelstrom

Skill      XL: |  1  2  3  4  5  6  7  8  9 10 |
---------------+-------------------------------+-----
Armour         | 3 4 5 6 7 |  7.2
Dodging        | 1 2 3 4 |  4.5
Long Blades    | 2 3 4 5 6 |  6.5
Shields        | 3 4 5 6 8 |  8.2
Fighting       | 4 5 6 |  6.7
Invocations    | 2 3 5 7 8 |  8.0

Action                   |  1- 3 |  4- 6 |  7- 9 | 10-12 || total
-------------------------+-------+-------+-------+-------++-------
Melee: Long sword        |   122 |   319 |   537 |    82 ||  1060
       Scimitar          |       |       |    87 |   237 ||   324
       Falchion          |       |       |       |   194 ||   194
Invok: Heroism           |       |       |     9 |     8 ||    17
  Use: Potion            |     1 |     1 |     2 |     2 ||     6
       Scroll            |       |       |    18 |     4 ||    22
  Eat: Chunk             |     2 |    10 |    17 |     7 ||    36
       Beef jerky        |       |       |     1 |     2 ||     3
       Pizza             |       |       |     1 |       ||     1
Armor: Scale mail        |    56 |   103 |       |       ||   159
       Skin              |     4 |     7 |       |       ||    11
       Chain mail        |       |       |   250 |       ||   250
       Plate armour      |       |       |    31 |   286 ||   317
Dodge: Dodged            |    49 |   125 |   250 |   358 ||   782
       Deflected         |       |       |     6 |     3 ||     9
Block: Shield            |    39 |   144 |   349 |   429 ||   961
